cohdb
Replays
Latest Replays
All Replays
Popular Replays
Top Player Replays
Match Explorer
How It Works
Community
CoH3 Stats
Reddit
Sign in to upload your games and track your stats! →
Sign in with Steam
Match 40985488
Unlisted
Match 40985488
Overview
Messages
Build Orders
End
Construct Section Command Post
Vickers Machine Gun Team
Dingo Light Scout Car
Royal Engineer Section
Infantry Section
Construct Platoon Command Post
Infantry Section
Selects Heavy Armor Battlegroup
Selects Rigorous Vehicle Training
Light Vehicle Training
CMP 15cwt Truck
Selects Forward Repair Assembly
Unlock Bishop Self-propelled Artillery
Infantry Training
AI Takeover
不吃芹菜
Swordfingerdarkblue
Joker
jhc0928d
水银灯
CLUBs37
CommieKillerz
TwistedTootsy
0
0
Comments
sign in to comment!
No comments posted yet!